AoeStats
← ME_DEPRIME_JUGAR_CON_USTEDES

Black Forest

508053352Analyzed
4v4 RM · 10d ago on Sep 20, 2026· 52m 31s· 8 players
Game mode
Random Map
Map size
Large (8 player)
Population
200
Speed
Normal
Resources
Standard
Victory
Conquest
Starting age
Dark Age
Ending age
Imperial Age
RankedLock teamsTeams togetherTeam positionsShared explorationLock speedFull tech treeHidden civsTurbo modeCheats
Victory
Defeat
🇦🇷 Huns · Argentina
1533
+13
🇨🇦 Mongols · Canada
1427
+17
🇦🇷 Britons · Argentina
1407
+18
🇨🇦 Tatars · Canada
1353
+19
🇪🇸 Dravidians · Spain
1488
-18
🇩🇪 Koreans · Germany
1463
-17
🇵🇱 Saracens · Poland
1458
-17
🇦🇲 Britons · Armenia
1414
-15
AnimeEyes
1:09 Loom
17:46 Feudal Age
19:06 Double-Bit Axe
23:31 Castle Age
21:32 Horse Collar
Gasior
10:53 Feudal Age
12:17 Double-Bit Axe
14:33 Castle Age
12:34 Horse Collar
14:39 Wheelbarrow
15:58 Loom
22:19 Heavy Plow
23:25 Bow Saw
23:47 Gold Mining
25:29 Stone Mining
26:14 Gold Shaft Mining
26:28 Hand Cart
28:16 Husbandry
28:26 Bloodlines
27:40 Light Cavalry
31:05 Imperial Age
29:23 Scale Barding Armor
29:28 Forging
29:58 Town Watch
30:36 Caravan
32:25 Conscription
32:30 Heavy Camel Rider
33:35 Chain Barding Armor
33:50 Iron Casting
34:15 Siege Engineers
33:36 Elite Mameluke
36:11 Plate Barding Armor
36:36 Blast Furnace
38:31 Chemistry
37:29 Hussar
38:51 Elite Skirmisher
39:36 Thumb Ring
42:12 Masonry
42:23 Ballistics
ׅ
5:54 Loom
8:36 Feudal Age
8:40 Man-at-Arms
9:11 Arson
15:15 Double-Bit Axe
15:13 Horse Collar
23:00 Castle Age
24:22 Bow Saw
25:11 Crossbowman
35:29 Imperial Age
32:59 Town Watch
33:37 Gold Mining
33:40 Stone Mining
34:38 Padded Archer Armor
34:57 Fletching
35:56 Ballistics
35:53 Leather Archer Armor
36:00 Bodkin Arrow
35:46 Arbalester
37:21 Wheelbarrow
37:48 Gold Shaft Mining
37:49 Bracer
38:36 Ring Archer Armor
39:52 Chemistry
39:19 Masonry
40:27 Two-Man Saw
43:28 Conscription
43:59 Yeomen
45:01 Yeomen
45:16 Architecture
NikTheBrewer
11:05 Feudal Age
11:33 Double-Bit Axe
13:30 Loom
16:14 Castle Age
14:33 Horse Collar
21:14 Town Watch
22:38 Pikeman
23:54 Scale Mail Armor
25:00 Bow Saw
24:43 Gold Mining
25:05 Heavy Plow
25:23 Stone Mining
27:20 Caravan
29:10 Wheelbarrow
28:29 Fletching
29:08 Thumb Ring
29:10 Padded Archer Armor
30:57 Ballistics
31:07 Hand Cart
34:29 Imperial Age
32:41 Coinage
33:42 Masonry
33:54 Town Patrol
33:53 Bodkin Arrow
34:13 Leather Archer Armor
34:08 Light Cavalry
34:55 Husbandry
35:03 Medical Corps
36:12 Scale Barding Armor
37:20 Chain Barding Armor
37:03 Bracer
37:14 Forging
38:11 Chemistry
37:47 Banking
37:54 Conscription
38:18 Hoardings
39:30 Wootz Steel
39:59 Chain Barding Armor
40:36 Iron Casting
39:48 Elite Elephant Archer
43:25 Ring Archer Armor
43:56 Blast Furnace
43:23 Bombard Tower
46:15 Fortified Wall
46:26 Murder Holes
HilkZ
0:26 Loom
11:27 Feudal Age
17:17 Castle Age
15:51 Double-Bit Axe
18:13 Bow Saw
20:04 Horse Collar
23:17 Heavy Plow
26:39 Wheelbarrow
30:36 Imperial Age
28:17 Gold Mining
28:40 Stone Mining
29:29 Hand Cart
29:14 Fletching
30:15 Gold Shaft Mining
30:45 Bloodlines
30:57 Bodkin Arrow
31:29 Padded Archer Armor
31:34 Husbandry
31:41 Scale Barding Armor
31:40 Bracer
32:44 Conscription
33:04 Leather Archer Armor
33:40 Silk Armor
34:44 Chemistry
34:15 Ballistics
33:41 Heavy Cavalry Archer
35:51 Ring Archer Armor
35:33 Masonry
36:36 Timurid Siegecraft
38:19 Scale Barding Armor
38:24 Forging
38:29 Light Cavalry
39:57 Chain Barding Armor
39:34 Hussar
40:55 Iron Casting
41:50 Plate Barding Armor
43:24 Crop Rotation
42:34 Elite Skirmisher
45:16 Siege Engineers
49:41 Blast Furnace
52:31 Treadmill Crane
53:13 Bombard Tower
Schvank
5:13 Loom
10:24 Feudal Age
14:30 Castle Age
13:04 Double-Bit Axe
15:28 Bow Saw
22:44 Horse Collar
23:36 Heavy Plow
24:13 Wheelbarrow
24:19 Wheelbarrow
25:20 Stone Mining
26:30 Hand Cart
26:57 Stone Shaft Mining
27:06 Gold Mining
31:52 Imperial Age
30:05 Fletching
30:15 Padded Archer Armor
30:44 Bodkin Arrow
31:53 Gold Shaft Mining
32:41 Ballistics
32:52 Leather Archer Armor
33:00 Conscription
32:03 Elite Mangudai
33:26 Bracer
34:28 Chemistry
33:10 Onager
34:48 Parthian Tactics
34:28 Thumb Ring
34:35 Bloodlines
35:53 Caravan
36:57 Husbandry
37:25 Masonry
38:49 Fortified Wall
40:25 Capped Ram
41:55 Siege Ram
42:15 Siege Ram
43:22 Drill
43:57 Siege Engineers
52:02 Spies/Treason
leotectos
0:44 Loom
16:26 Feudal Age
17:04 Double-Bit Axe
17:00 Horse Collar
ME_DEPRIME_JUGAR_CON_USTEDES
8:22 Loom
10:57 Feudal Age
11:38 Double-Bit Axe
11:34 Horse Collar
20:35 Castle Age
20:41 Wheelbarrow
20:55 Scale Barding Armor
21:04 Bloodlines
20:59 Light Cavalry
22:57 Chain Barding Armor
28:01 Bow Saw
27:53 Heavy Plow
28:37 Gold Mining
31:08 Forging
31:35 Hand Cart
33:59 Imperial Age
32:20 Gold Shaft Mining
33:06 Iron Casting
34:14 Husbandry
34:38 Hussar
35:54 Plate Barding Armor
35:54 Conscription
36:43 Blast Furnace
35:19 Capped Ram
36:11 Padded Archer Armor
37:22 Two-Man Saw
36:09 Elite Skirmisher
36:40 Fletching
36:40 Town Watch
36:44 Siege Ram
37:49 Town Patrol
38:22 Ballistics
39:03 Chemistry
39:24 Thumb Ring
39:45 Parthian Tactics
39:07 Heavy Cavalry Archer
40:53 Bodkin Arrow
41:14 Leather Archer Armor
41:40 Cavalier
43:10 Masonry
43:03 Bracer
43:00 Paladin
44:30 Stone Mining
46:11 Scale Mail Armor
51:02 Chain Mail Armor
51:28 Murder Holes
51:44 Careening
51:44 Clinker Construction
51:46 Squires
51:06 Pikeman
51:33 Arson
51:08 Man-at-Arms
Connection lost

Rejoining the realm…

Still unreachable

The connection could not be restored.

Session expired

The server has moved on; the page needs a fresh start.